AA NE
ERIE SEAWOLVES @ AKRON RUBBERDUCKS
07/17/2041
 
TOP OF THE 1ST
Erie SeaWolves batting - Pitching for Akron RubberDucks : LHP José Ramos
Pitching: LHP José Ramos
Batting: SHB Luis Alemán 0-0: Swinging Strike
0-1: Called Strike
0-2: Ground out 6-3 (Groundball, 56, EV 85.0 MPH)
Batting: SHB António González 0-0: Called Strike
0-1: Ball
1-1: Ball
2-1: Swinging Strike
2-2: Ball
3-2: Fly out, F7 (Flyball, 7, EV 75.6 MPH)
Batting: LHB António García 0-0: Ground out 4-3 (Groundball, 4, EV 100.0 MPH)
Top of the 1st over - 0 runs, 0 hits, 0 errors, 0 left on base; Erie 0 - Akron 0
BOTTOM OF THE 1ST
Akron RubberDucks batting - Pitching for Erie SeaWolves : LHP Jesús Arteaga
Pitching: LHP Jesús Arteaga
Batting: RHB Bradley Gadsden 0-0: Called Strike
0-1: Swinging Strike
0-2: Ball
1-2: Strikes out swinging
Batting: RHB Mike Trujillo 0-0: Ball
1-0: Ball
2-0: Called Strike
2-1: Ball
3-1: Base on Balls
Batting: RHB Steve Green 0-0: Called Strike
0-1: SINGLE (Line Drive, 8RS, EV 91.9 MPH)
Mike Trujillo to second
Batting: RHB Brendan Rogers 0-0: Called Strike
0-1: Ball
1-1: DOUBLE (Flyball, 89D, EV 110.6 MPH)
Mike Trujillo scores
Steve Green to third
Runner from 3rd tries for Home, SAFE, throw by CF to trailing runner, SAFE at third!
Batting: LHB Abel Brown 0-0: Called Strike
0-1: Ball
1-1: Ball
2-1: Swinging Strike
2-2: Strikes out swinging
Batting: RHB Pat Henson 0-0: Swinging Strike
0-1: Ball
1-1: Ball
2-1: Fly out, F3 (Popup, 34, EV 68.8 MPH)
Bottom of the 1st over - 2 runs, 2 hits, 0 errors, 1 left on base; Erie 0 - Akron 2
TOP OF THE 2ND
Erie SeaWolves batting - Pitching for Akron RubberDucks : LHP José Ramos
Batting: LHB Kevin Richter 0-0: Ball
1-0: Ball
2-0: Foul Ball, location: 2F
2-1: Ball
3-1: Base on Balls
Batting: RHB Norbert Chandler 0-0: Swinging Strike
0-1: Called Strike
0-2: Strikes out swinging
Batting: SHB Cristián Medina 0-0: Called Strike
0-1: Swinging Strike
0-2: Foul Ball, location: 2F
0-2: Foul Ball, location: 3FF
0-2: Ball
1-2: Ball
2-2: Ball
3-2: Foul Ball, location: 2F
3-2: Foul Ball, location: 7LMF
3-2: DOUBLE (Line Drive, 8LXD, EV 108.1 MPH)
Kevin Richter to third
Runner from 3rd tries for Home, SAFE, no throw by CF
Batting: RHB Teo Pors 0-0: Called Strike
0-1: Ground out 6-3 (Groundball, 6, EV 70.6 MPH)
Batting: RHB Jorge Sánchez 0-0: Ball
1-0: Ball
2-0: Swinging Strike
2-1: Ball
3-1: Base on Balls
Batting: RHB Dan MacLarty 0-0: Called Strike
0-1: SINGLE (Groundball, 4S, EV 77.5 MPH) (infield hit)
Cristián Medina to third
Jorge Sánchez to second
Batting: SHB Luis Alemán 0-0: Fly out, F5 (Popup, 56S, EV 85.6 MPH)
Top of the 2nd over - 1 run, 2 hits, 0 errors, 3 left on base; Erie 1 - Akron 2
BOTTOM OF THE 2ND
Akron RubberDucks batting - Pitching for Erie SeaWolves : LHP Jesús Arteaga
Batting: LHB Juan Gómes 0-0: Fly out, F7 (Flyball, 7S, EV 95.0 MPH)
Batting: RHB Dan Myers 0-0: Ball
1-0: Foul Ball, location: 9LSF
1-1: Called Strike
1-2: Foul Ball, location: 23FF
1-2: Strikes out swinging
Batting: RHB Chris Slater 0-0: Ball
1-0: Called Strike
1-1: Foul Ball, location: 3DF
1-2: Foul Ball, location: 25F
1-2: Ball
2-2: Ball
3-2: Base on Balls
Batting: RHB Bradley Gadsden 0-0: Ball
1-0: Ball
2-0: Ball
3-0: Called Strike
3-1: Foul Ball, location: 9LMF
3-2: Base on Balls
Chris Slater to second
Batting: RHB Mike Trujillo 0-0: Ball
1-0: Swinging Strike
1-1: Called Strike
1-2: Ball
2-2: Ball
3-2: Strikes out swinging
Bottom of the 2nd over - 0 runs, 0 hits, 0 errors, 2 left on base; Erie 1 - Akron 2
TOP OF THE 3RD
Erie SeaWolves batting - Pitching for Akron RubberDucks : LHP José Ramos
Batting: SHB António González 0-0: Ball
1-0: Called Strike
1-1: Reached on error, E5 (Groundball, 56, EV 105.6 MPH)
Batting: LHB António García 0-0: Called Strike
0-1: Called Strike
0-2: Ball
1-2: Fielders Choice at 2nd, 1-6 (Groundball, 34S, EV 66.9 MPH)
Batting: LHB Kevin Richter 0-0: Ball
1-0: Foul Ball, location: 7LMF
1-1: Foul Ball, location: 2F
1-2: Strikes out swinging
Batting: RHB Norbert Chandler 0-0: Ball
1-0: Swinging Strike
1-1: Ball
Wild Pitch!
António García to second
2-1: Foul Ball, location: 3SF
2-2: Strikes out swinging
Top of the 3rd over - 0 runs, 0 hits, 1 error, 1 left on base; Erie 1 - Akron 2
BOTTOM OF THE 3RD
Akron RubberDucks batting - Pitching for Erie SeaWolves : LHP Jesús Arteaga
Batting: RHB Steve Green 0-0: Ball
1-0: Called Strike
1-1: Ball
2-1: Swinging Strike
2-2: Strikes out looking
Batting: RHB Brendan Rogers 0-0: Called Strike
0-1: Ball
1-1: Ball
2-1: Ball
3-1: Foul Ball, location: 5F
3-2: Strikes out swinging
Batting: LHB Abel Brown 0-0: Called Strike
0-1: Called Strike
0-2: Ball
1-2: Strikes out swinging
Bottom of the 3rd over - 0 runs, 0 hits, 0 errors, 0 left on base; Erie 1 - Akron 2
TOP OF THE 4TH
Erie SeaWolves batting - Pitching for Akron RubberDucks : LHP José Ramos
Batting: SHB Cristián Medina 0-0: Called Strike
0-1: Foul Ball, location: 9LSF
0-2: Ground out 5-3 (Groundball, 56S, EV 87.5 MPH)
Batting: RHB Teo Pors 0-0: Called Strike
0-1: Ball
1-1: Ball
2-1: Swinging Strike
2-2: Foul Ball, location: 3F
2-2: Foul Ball, location: 5DF
2-2: Ground out 5-3 (Groundball, 56, EV 91.9 MPH)
Batting: RHB Jorge Sánchez 0-0: Fly out, F3 (Line Drive, 3, EV 73.8 MPH)
Top of the 4th over - 0 runs, 0 hits, 0 errors, 0 left on base; Erie 1 - Akron 2
BOTTOM OF THE 4TH
Akron RubberDucks batting - Pitching for Erie SeaWolves : LHP Jesús Arteaga
Batting: RHB Pat Henson 0-0: Called Strike
0-1: Foul Ball, location: 9LMF
0-2: Strikes out swinging
Batting: LHB Juan Gómes 0-0: Ball
1-0: Ball
2-0: Fly out, F9 (Flyball, 9, EV 93.1 MPH)
Batting: RHB Dan Myers 0-0: Foul Ball, location: 9LDF
0-1: Foul Ball, location: 9LDF
0-2: Ground out U3 (Groundball, 34, EV 86.9 MPH)
Bottom of the 4th over - 0 runs, 0 hits, 0 errors, 0 left on base; Erie 1 - Akron 2
TOP OF THE 5TH
Erie SeaWolves batting - Pitching for Akron RubberDucks : LHP José Ramos
Batting: RHB Dan MacLarty 0-0: Ball
1-0: Ball
2-0: Foul Ball, location: 23F
2-1: Ground out 6-3 (Groundball, 6, EV 88.8 MPH)
Batting: SHB Luis Alemán 0-0: Ground out 6-3 (Groundball, 6, EV 80.0 MPH)
Batting: SHB António González 0-0: Ball
1-0: Called Strike
1-1: SINGLE (Line Drive, 9S, EV 106.3 MPH)
Batting: LHB António García 0-0: Swinging Strike
0-1: Foul Ball, location: 2F
0-2: Foul Ball, location: 2F
0-2: Strikes out looking
Top of the 5th over - 0 runs, 1 hit, 0 errors, 1 left on base; Erie 1 - Akron 2
BOTTOM OF THE 5TH
Akron RubberDucks batting - Pitching for Erie SeaWolves : LHP Jesús Arteaga
Batting: RHB Chris Slater 0-0: Foul Ball, location: 2F
0-1: Called Strike
0-2: Ground out 5-3 (Groundball, 15, EV 83.8 MPH)
Batting: RHB Bradley Gadsden 0-0: Called Strike
0-1: Foul Ball, location: 2F
0-2: Ground out 4-3 (Groundball, 4MS, EV 65.6 MPH)
Batting: RHB Mike Trujillo 0-0: Called Strike
0-1: Ball
1-1: Foul Ball, location: 5F
1-2: Ball
2-2: Ball
3-2: Base on Balls
Batting: RHB Steve Green 0-0: Foul Ball, location: 23F
0-1: Called Strike
0-2: Ball
1-2: Foul Ball, location: 2F
1-2: Ball
2-2: Foul Ball, location: 7LMF
2-2: Ball
3-2: Strikes out swinging
Bottom of the 5th over - 0 runs, 0 hits, 0 errors, 1 left on base; Erie 1 - Akron 2
TOP OF THE 6TH
Erie SeaWolves batting - Pitching for Akron RubberDucks : LHP José Ramos
Batting: LHB Kevin Richter 0-0: Called Strike
0-1: Ball
1-1: Ball
2-1: Called Strike
2-2: Strikes out swinging
Pitching: LHP Jorge Chávez
Batting: RHB Norbert Chandler 0-0: Ball
1-0: Foul Ball, location: 2F
1-1: Swinging Strike
1-2: Strikes out swinging
Batting: SHB Cristián Medina 0-0: Called Strike
0-1: Ball
1-1: Swinging Strike
1-2: Strikes out swinging
Top of the 6th over - 0 runs, 0 hits, 0 errors, 0 left on base; Erie 1 - Akron 2
BOTTOM OF THE 6TH
Akron RubberDucks batting - Pitching for Erie SeaWolves : LHP Jesús Arteaga
Batting: RHB Brendan Rogers 0-0: Ball
1-0: Ball
2-0: Called Strike
2-1: Ball
3-1: Base on Balls
Batting: LHB Abel Brown 0-0: Called Strike
0-1: Fly out, F8 (Flyball, 8RM, EV 91.9 MPH)
Batting: RHB Pat Henson 0-0: Called Strike
0-1: Ball
1-1: Ball
2-1: Ball
3-1: Foul Ball, location: 7LSF
3-2: Strikes out swinging
Batting: LHB Juan Gómes 0-0: Called Strike
0-1: Swinging Strike
0-2: Strikes out swinging
Bottom of the 6th over - 0 runs, 0 hits, 0 errors, 1 left on base; Erie 1 - Akron 2
TOP OF THE 7TH
Erie SeaWolves batting - Pitching for Akron RubberDucks : LHP Jorge Chávez
Batting: RHB Teo Pors 0-0: Called Strike
0-1: Ball
1-1: Called Strike
1-2: Fly out, F7 (Flyball, 7LS, EV 85.0 MPH)
Batting: RHB Jorge Sánchez 0-0: Ball
1-0: Foul Ball, location: 5SF
1-1: Swinging Strike
1-2: Ball
2-2: Fly out, F2 (Popup, 2RF, EV 85.6 MPH)
Batting: RHB Dan MacLarty 0-0: Fly out, F8 (Flyball, 8RXD, EV 111.3 MPH)
Top of the 7th over - 0 runs, 0 hits, 0 errors, 0 left on base; Erie 1 - Akron 2
BOTTOM OF THE 7TH
Akron RubberDucks batting - Pitching for Erie SeaWolves : LHP Jesús Arteaga
Batting: RHB Dan Myers 0-0: Ball
1-0: Ball
2-0: Ball
3-0: Called Strike
3-1: Base on Balls
Pitching: RHP Steve Nichols
Batting: RHB Chris Slater 0-0: Sac Bunt to 23 - play at first, batter OUT! 3-4
Dan Myers to second
Batting: RHB Bradley Gadsden 0-0: Ground out 6-3 (Groundball, 6MD, EV 100.0 MPH)
Dan Myers to third
Batting: RHB Mike Trujillo 0-0: Swinging Strike
0-1: Called Strike
0-2: Ball
1-2: Strikes out swinging
Bottom of the 7th over - 0 runs, 0 hits, 0 errors, 1 left on base; Erie 1 - Akron 2
TOP OF THE 8TH
Erie SeaWolves batting - Pitching for Akron RubberDucks : LHP Jorge Chávez
Pinch Hitting: RHB Rocky Brown 0-0: Ball
1-0: Swinging Strike
1-1: Ball
2-1: Called Strike
2-2: Ball
3-2: Strikes out swinging
Batting: SHB António González 0-0: Ball
1-0: Foul Ball, location: 2LF
1-1: Ball
2-1: Swinging Strike
2-2: Strikes out swinging
Pinch Hitting: SHB Dana Lewis 0-0: Foul Ball, location: 2F
0-1: Foul Ball, location: 5FF
0-2: Ball
1-2: Foul Ball, location: 9LSF
1-2: Ball
2-2: Ball
3-2: SINGLE (Line Drive, 4MD, EV 97.5 MPH)
Pinch Hitting: RHB Kevin Brown 0-0: Ball
1-0: Fly out, F9 (Flyball, 9, EV 88.1 MPH)
Top of the 8th over - 0 runs, 1 hit, 0 errors, 1 left on base; Erie 1 - Akron 2
BOTTOM OF THE 8TH
Akron RubberDucks batting - Pitching for Erie SeaWolves : RHP Steve Nichols
Now at 1B: Dana Lewis
Now at 3B: Jeff Russell
Now in CF: Kevin Brown
Batting: RHB Steve Green 0-0: Ball
1-0: Swinging Strike
1-1: Ground out 4-3 (Groundball, 34D, EV 96.3 MPH)
Batting: RHB Brendan Rogers 0-0: Ball
1-0: Ball
2-0: Ball
3-0: Called Strike
3-1: Foul Ball, location: 5F
3-2: Base on Balls
Batting: LHB Abel Brown 0-0: Called Strike
0-1: Ball
1-1: Swinging Strike
1-2: Ball
2-2: Foul Ball, location: 5FF
2-2: Strikes out swinging
Batting: RHB Pat Henson 0-0: Called Strike
0-1: Foul Ball, location: 2F
0-2: Ball
1-2: Ball
2-2: Foul Ball, location: 3F
2-2: DOUBLE (Flyball, 8RXD, EV 101.9 MPH)
Brendan Rogers to third
Runner from 3rd tries for Home, SAFE, throw by CF to home
Batting: LHB Juan Gómes 0-0: Ball
1-0: Ball
2-0: Ball
3-0: Called Strike
3-1: Called Strike
3-2: Ground out 4-3 (Groundball, 4, EV 83.1 MPH)
Bottom of the 8th over - 1 run, 1 hit, 0 errors, 1 left on base; Erie 1 - Akron 3
TOP OF THE 9TH
Erie SeaWolves batting - Pitching for Akron RubberDucks : LHP Jorge Chávez
Pitching: RHP Ned Logan
Now in RF: Bobby Powell
Batting: RHB Norbert Chandler 0-0: Fly out, F4 (Popup, 4S, EV 76.9 MPH)
Batting: SHB Cristián Medina 0-0: SINGLE (Line Drive, 78S, EV 85.0 MPH)
Batting: RHB Teo Pors 0-0: Fly out, F3 (Popup, 3F, EV 82.5 MPH)
Pinch Hitting: SHB Billy Davis 0-0: Foul Ball, location: 2F
0-1: Foul Ball, location: 3FF
0-2: Ball
1-2: Ball
2-2: Ball
3-2: Foul Ball, location: 2F
3-2: DOUBLE (Flyball, 89XD, EV 95.6 MPH)
Cristián Medina to third
Cristián Medina scores
Pinch Hitting: LHB Bob Brewer 0-0: Ball
Wild Pitch!
Billy Davis to third
1-0: Ball
2-0: Foul Ball, location: 2F
2-1: Foul Ball, location: 25FF
2-2: Ball
3-2: Base on Balls
Batting: RHB Jeff Russell 0-0: Called Strike
0-1: Fly out, F6 (Popup, 6D, EV 57.5 MPH)
Top of the 9th over - 1 run, 2 hits, 0 errors, 2 left on base; Erie 2 - Akron 3
Monday, April 1st , 2024 - OOTP Baseball 24.10 Build 82